 Dungeon Crawl Stone Soup version 0.18.1-48-g4cf74bf (webtiles) character file.

415 Galewin the Cleaver (level 6, -2/51 HPs)
             Began as a Minotaur Berserker on July 30, 2016.
             Was a Priest of Trog.
             Slain by a phantom (8 damage)
             ... on level 5 of the Dungeon.
             The game lasted 00:05:14 (2856 turns).

Galewin the Cleaver (Minotaur Berserker)            Turns: 2856, Time: 00:05:14

Health: -2/51      AC:  2    Str: 23    XL:     6   Next: 60%
Magic:  5/5        EV: 12    Int:  4    God:    Trog [***...]
Gold:   130        SH:  0    Dex: 10    Spells: 0 memorised, 5 levels left

rFire  . . .     SeeInvis .     a - +0 hand axe
rCold  . . .     Gourm    .     b - +0 animal skin
rNeg   . . .     Faith    .     (no shield)
rPois  .         Spirit   .     (helmet restricted)
rElec  .         Dismiss  .     (no cloak)
rCorr  .         Reflect  .     (no gloves)
SustAt .         Harm     .     (no boots)
MR     .....                    (no amulet)
Stlth  +.........               (no ring)
                                (no ring)

@: exhausted, slowed, very slow, not resistant to hostile enchantments, very
unstealthy
A: retaliatory headbutt, horns 2
a: Berserk, Trog's Hand, Burn Spellbooks, Renounce Religion


You were on level 5 of the Dungeon.
You worshipped Trog.
Trog was most pleased with you.
You were not hungry.

You visited 1 branch of the dungeon, and saw 5 of its levels.

You collected 130 gold pieces.

Inventory:

Hand Weapons
 a - a +0 hand axe (weapon)
Armour
 b - a +0 animal skin (worn)
Jewellery
 k - a +4 ring of intelligence {unknown}
 m - an uncursed ring of poison resistance {unknown}
Scrolls
 e - a scroll of noise {unknown}
 f - a scroll of blinking {unknown}
 g - 4 scrolls of teleportation {unknown}
 h - 2 scrolls of identify {unknown}
 i - 3 scrolls of fear
 j - a scroll of random uselessness {unknown}
 n - 2 scrolls of recharging {unknown}
 p - 2 scrolls of remove curse {unknown}
 q - a scroll of enchant weapon {unknown}
Potions
 d - 4 potions of degeneration {unknown}
 l - 2 potions of agility {unknown}
 o - 2 potions of flight {unknown}
Comestibles
 c - 3 bread rations


   Skills:
 - Level 3.6 Fighting
 + Level 9.1 Axes
 - Level 2.4 Armour
 - Level 2.1 Dodging


You had 5 spell levels left.
You didn't know any spells.

Dungeon Overview and Level Annotations

Branches:
Dungeon (5/15)
 Temple: D:4-7

Altars:
Ashenzari
Gozag
Trog
The Shining One


Innate Abilities, Weirdness & Mutations

You reflexively headbutt those who attack you in melee.
You have a pair of horns on your head.


Message History

The phantom hits you.
The phantom blinks!
The phantom hits you.
You barely miss the phantom.
The phantom is heavily damaged.
The phantom blinks!
The phantom hits you!
The phantom blinks!
The phantom hits you!
* * * LOW HITPOINT WARNING * * *
You are too injured to fight recklessly!
You are too injured to fight recklessly!
You are too injured to fight recklessly!
You are too injured to fight recklessly!
You are too injured to fight recklessly!
You hit the phantom but do no damage. Your headbutt misses the phantom.
The phantom is moderately damaged.
The phantom hits you.
* * * LOW HITPOINT WARNING * * *
The phantom blinks! x2
The phantom hits you!
You die...

# ### .# #. #.. ... .#
##'## #.# #.# .#
##...###.# #.##.####
##.....##.# #........
##.......#.# #......#.
##..........###........
...............).......
#.......@W.###<.....#
#........#...>.....##
#.#.....######.##.....
##...## #.# .##. ##+##
#.. .. ### ##


You could see a phantom.

Vanquished Creatures
  2 ogres
  A crimson imp (D:4)
  An orc priest (D:4)
  2 worker ants (D:4)
  5 adders
  An adder skeleton (D:4)
  A worm (D:2)
  A dart slug (D:4)
  A giant gecko (D:1)
  6 orcs
  10 bats
  3 giant cockroaches (D:2)
  4 hobgoblins
  9 jackals (D:2)
  A quokka (D:2)
  2 ball pythons
  A giant newt (D:1)
  15 goblins
  3 goblin zombies (D:4)
  3 hobgoblin zombies (D:4)
  9 kobolds
  2 orc skeletons (D:4)
  6 rats
89 creatures vanquished.

Notes
Turn   | Place    | Note
--------------------------------------------------------------
     0 | D:1      | Galewin the Minotaur Berserker began the quest for the Orb.
     0 | D:1      | Reached XP level 1. HP: 19/19 MP: 0/0
    75 | D:1      | Reached skill level 4 in Axes
   129 | D:1      | Reached XP level 2. HP: 24/26 MP: 1/1
   415 | D:2      | Reached skill level 5 in Axes
   417 | D:2      | Reached ** piety under Trog
   418 | D:2      | Reached XP level 3. HP: 24/31 MP: 2/2
   815 | D:2      | Found a bloodstained altar of Trog.
   958 | D:2      | Reached skill level 6 in Axes
   958 | D:2      | Reached XP level 4. HP: 15/39 MP: 3/3
  1319 | D:3      | Reached *** piety under Trog
  1567 | D:3      | Found an opulent altar of Gozag.
  2037 | D:4      | Found a shattered altar of Ashenzari.
  2096 | D:4      | Reached XP level 5. HP: 11/45 MP: 4/4
  2102 | D:4      | Reached skill level 7 in Axes
  2665 | D:4      | Found a glowing golden altar of the Shining One.
  2672 | D:4      | Reached skill level 8 in Axes
  2746 | D:4      | Noticed an ogre
  2754 | D:4      | Killed an ogre
  2754 | D:4      | Reached XP level 6. HP: 51/51 MP: 5/5
  2831 | D:5      | Entered Level 5 of the Dungeon
  2840 | D:5      | Reached skill level 9 in Axes
  2856 | D:5      | Slain by a phantom

Skill      XL: |  1  2  3  4  5  6 |
---------------+-------------------+-----
Axes           | 4 5 6 8 9 |  9.1
Fighting       | |  3.6
Armour         | |  2.4
Dodging        | |  2.1

Action                   |  1- 3 |  4- 6 || total
-------------------------+-------+-------++-------
Melee: Hand axe          |    89 |    95 ||   184
       Headbutt          |     9 |    18 ||    27
Invok: Berserk           |     1 |     4 ||     5
       Trog's Hand       |       |     1 ||     1
  Use: Scroll            |     1 |       ||     1
  Eat: Chunk             |     1 |     6 ||     7
       Royal jelly       |       |     1 ||     1
       Bread ration      |       |     1 ||     1
Armor: Animal skin       |    19 |     8 ||    27
Dodge: Dodged            |    87 |    41 ||   128
